 Dungeon Crawl Stone Soup version 0.32-a0-560-g4c7f4391e0 (webtiles) character file.

Game seed: 2059354422630036388

670631 grandjackal the Demonic Aeon (level 27, -3/323 HPs)
             Began as a Demonspawn Gladiator on Feb 29, 2024.
             Was the Champion of Cheibriados.
             Killed from afar by an orb of fire (12 damage)
             ... with a bolt of fire
             ... on level 5 of the Realm of Zot.
             The game lasted 01:49:28 (67987 turns).

grandjackal the Demonic Aeon (DsGl)                Turns: 67987, Time: 01:49:29

Health: -3/323     AC: 28    Str: 30    XL:     27
Magic:  18/28      EV: 27    Int: 29    God:    Cheibriados [******]
Gold:   6203       SH: 19    Dex: 42    Spells: 26/26 levels left

rFire   + + +        C - +9 demon blade (heavy)
rCold   + + +        w - +0 kite shield {reflect}
rNeg    . . .        B - +3 gold dragon scales
rPois   +            K - +2 helmet {SInv}
rElec   +            c - +2 cloak
rCorr   +            (gloves unavailable)
SInv    +            W - +1 pair of boots of Time Monsters {+Inv rC+ Regen+ Int+6}
Will    ++++.        L - amulet of regeneration Stlth
                     N - ring "Noubiter" {rF+ rC+ Str+2 Dex+2}
HPRegen 2.33/turn    R - ring "Delagh" {rElec Will+ rCorr}
MPRegen 0.21/turn

%: random rage (3%), repel missiles, reflection
@: mighty, resistant, wreathed by umbra, studying 2 skills, very slow
A: repulsion field 3, ignite blood 3, robust 3, demonic touch 3, foul shadow 3,
berserk 1, deformed body, dopey 2, low MP 3, strong-willed 1, sense surroundings
1, weak 1, no potion heal 1
}: 5/15 runes: barnacled, slimy, silver, abyssal, gossamer
a: Renounce Religion, Evoke Invisibility, Bend Time, Temporal Distortion,
Slouch, Step From Time


You were on level 5 of the Realm of Zot.
You worshipped Cheibriados.
Cheibriados was exalted by your worship.
You visited 12 branches of the dungeon, and saw 56 of its levels.
You visited the Abyss 2 times.
You visited 1 bazaar.

You collected 10381 gold pieces.
You spent 4178 gold pieces at shops.

Inventory:

Hand Weapons
 C - a +9 heavy demon blade (weapon)
Missiles
 d - 21 throwing nets (quivered)
Armour
 c - a +2 cloak (worn)
 w - a +0 kite shield of reflection (worn)
 B - +3 gold dragon scales (worn)
 K - a +2 helmet of see invisible (worn)
 T - the +5 plate armour of Yrchaenexim {rElec Regen+ Dex+4}
   (You found it on level 3 of the Elven Halls)

   Dex+4:     It affects your dexterity (+4).
   rElec:     It insulates you from electricity.
   Regen+:    It increases your rate of health regeneration.
 W - the +1 pair of boots of Time Monsters (worn) {+Inv rC+ Regen+ Int+6}
   (You found it on level 3 of the Elven Halls)

   Int+6:     It affects your intelligence (+6).
   rC+:       It protects you from cold.
   +Inv:      It lets you turn invisible.
   Regen+:    It increases your rate of health regeneration.
Jewellery
 s - the ring "Bofer" {Fly rPois Dex+6 Stlth-}
   (You bought it in a shop in a bazaar)

   [ring of flight]

   Dex+6:     It affects your dexterity (+6).
   rPois:     It protects you from poison Fly: It grants you flight.
   Stlth-:    It makes you less stealthy.
 A - a ring of protection from fire
 F - the ring "Xezxopuch" {rC+ Dex+3}
   (You found it on level 5 of the Pits of Slime)

   [ring of protection from cold]

   Dex+3:     It affects your dexterity (+3).
   rC+:       It protects you from cold.
 L - an amulet of regeneration (around neck)
 N - the ring "Noubiter" (left hand) {rF+ rC+ Str+2 Dex+2}
   (You acquired it on level 5 of the Vaults)

   [ring of protection from fire]

   Str+2:     It affects your strength (+2).
   Dex+2:     It affects your dexterity (+2).
   rF+:       It protects you from fire.
   rC+:       It protects you from cold.
 O - a ring of positive energy
 Q - a ring of willpower
 R - the ring "Delagh" (right hand) {rElec Will+ rCorr}
   (You found it on level 5 of the Pits of Slime)

   [ring of willpower]

   rElec:     It insulates you from electricity.
   Will+:     It increases your willpower.
   rCorr:     It protects you from acid and corrosion.
Wands
 e - a wand of mindburst (21)
 i - a wand of paralysis (51)
 k - a wand of acid (15)
 n - a wand of flame (177)
 v - a wand of roots (46)
 G - a wand of polymorph (37)
 I - a wand of digging (14)
Scrolls
 b - 9 scrolls of fear
 f - 23 scrolls of teleportation
 l - 4 scrolls of revelation
 q - 4 scrolls of poison
 u - 16 scrolls of blinking
 x - 6 scrolls of fog
 y - a scroll of torment
 E - 11 scrolls of vulnerability
 H - 12 scrolls of immolation
 V - 4 scrolls of silence
Potions
 a - 6 potions of cancellation
 g - 5 potions of invisibility
 h - 4 potions of resistance
 m - 19 potions of curing
 r - 11 potions of might
 t - 4 potions of berserk rage
 z - 18 potions of mutation
 D - 4 potions of lignification
 P - 7 potions of enlightenment
 X - 4 potions of magic
 Y - a potion of ambrosia
 Z - 7 potions of heal wounds
Miscellaneous
 j - a tin of tremorstones (inert)
 p - a phantom mirror
 M - a lightning rod (4/4)
 S - a phial of floods
 U - a sack of spiders


   Skills:
 O Level 27 Fighting
 - Level 3.8(10.0) Short Blades
 - Level 14.2(14.4) Long Blades
 - Level 2.0 Throwing
 - Level 17.1 Armour
 - Level 15.0 Dodging
 - Level 15.0 Shields
 O Level 27 Invocations
 + Level 23.9 Evocations


You had 26 spell levels left.
You didn't know any spells.
Your spell library contained the following spells:

 Spells                   Type           Power      Damage    Failure   Level
 Apportation              Tloc           0%         N/A       88%         1
 Foxfire                  Conj/Fire      0%         2x1d4     88%         1
 Freeze                   Ice            0%         1d3       88%         1
 Magic Dart               Conj           0%         1d3       88%         1
 Necrotise                Necr           0%         1d4       88%         1
 Shock                    Conj/Air       0%         1d3       88%         1
 Slow                     Hex            0%         N/A       88%         1
 Sting                    Conj/Alch      0%         1d3       88%         1
 Summon Small Mammal      Summ           0%         N/A       88%         1
 Blink                    Tloc           0%         N/A       95%         2
 Call Imp                 Summ           0%         N/A       95%         2
 Cigotuvi's Dreadful Rot  Necr/Alch/Air  0%         N/A       95%         2
 Ensorcelled Hibernation  Hex/Ice        0%         N/A       95%         2
 Jinxbite                 Hex            0%         N/A       95%         2
 Lesser Beckoning         Tloc           0%         N/A       95%         2
 Mercury Vapours          Alch/Air       0%         N/A       95%         2
 Momentum Strike          Conj/Tloc      0%         3d8       95%         2
 Scorch                   Fire           0%         2d5       95%         2
 Searing Ray              Conj           0%         2d4       95%         2
 Static Discharge         Conj/Air       0%         3-3/arc   95%         2
 Sublimation of Blood     Necr           0%         N/A       95%         2
 Call Canine Familiar     Summ           0%         N/A       99%         3
 Confusing Touch          Hex            0%         N/A       99%         3
 Dazzling Flash           Conj/Hex       0%         N/A       99%         3
 Frozen Ramparts          Ice            0%         1d1       99%         3
 Fugue of the Fallen      Necr           0%         N/A       99%         3
 Gell's Gravitas          Tloc           0%         N/A       99%         3
 Hailstorm                Conj/Ice       0%         3d5       99%         3
 Inner Flame              Hex/Fire       0%         N/A       99%         3
 Mephitic Cloud           Conj/Alch/Air  0%         N/A       99%         3
 Sigil of Binding         Hex            0%         N/A       99%         3
 Stone Arrow              Conj/Erth      0%         3d7       99%         3
 Swiftness                Air            0%         N/A       99%         3
 Teleport Other           Tloc           0%         N/A       99%         3
 Tukima's Dance           Hex            0%         N/A       99%         3
 Vampiric Draining        Necr           0%         2d6       99%         3
 Volatile Blastmotes      Fire/Tloc      0%         2d10      99%         3
 Airstrike                Air            0%         2d(0-16)  100%        4
 Anguish                  Hex/Necr       0%         N/A       100%        4
 Animate Armour           Summ/Erth      0%         N/A       100%        4
 Brom's Barrelling Bould  Conj/Erth      0%         2d3       100%        4
 Dimensional Bullseye     Hex/Tloc       0%         N/A       100%        4
 Dispel Undead            Necr           0%         3d6       100%        4
 Flame Wave               Conj/Fire      0%         2d4       100%        4
 Fulminant Prism          Conj/Alch      0%         3d5       100%        4
 Ignite Poison            Fire/Alch      0%         N/A       100%        4
 Iskenderun's Mystic Bla  Conj/Tloc      0%         2d3       100%        4
 Leda's Liquefaction      Alch/Erth      0%         N/A       100%        4
 Manifold Assault         Tloc           0%         N/A       100%        4
 Martyr's Knell           Necr/Summ      0%         N/A       100%        4
 Olgreb's Toxic Radiance  Alch           0%         N/A       100%        4
 Passage of Golubria      Tloc           0%         N/A       100%        4
 Petrify                  Alch/Erth      0%         N/A       100%        4
 Sticky Flame             Fire/Alch      0%         2d4       100%        4
 Summon Blazeheart Golem  Fire/Summ      0%         N/A       100%        4
 Summon Lightning Spire   Summ/Air       0%         N/A       100%        4
 Vhi's Electric Charge    Tloc/Air       0%         N/A       100%        4
 Alistair's Intoxication  Alch           0%         N/A       100%        5
 Borgnjor's Vile Clutch   Necr/Erth      0%         N/A       100%        5
 Curse of Agony           Necr           0%         N/A       100%        5
 Fireball                 Conj/Fire      0%         3d3       100%        5
 Freezing Cloud           Conj/Ice/Air   0%         6-21      100%        5
 Irradiate                Conj/Alch      0%         3d11      100%        5
 Iskenderun's Battlesphe  Conj           0%         2d6       100%        5
 Lee's Rapid Deconstruct  Erth           0%         3d4*      100%        5
 Metabolic Englaciation   Hex/Ice        0%         N/A       100%        5
 Silence                  Hex/Air        0%         N/A       100%        5
 Summon Forest            Summ/Tloc      0%         N/A       100%        5
 Summon Mana Viper        Hex/Summ       0%         N/A       100%        5
 Yara's Violent Unravell  Hex/Alch       0%         3d3       100%        5
 Bombard                  Conj/Erth      0%         9d1       100%        6
 Conjure Ball Lightning   Conj/Air       0%         3x3d6     100%        6
 Death Channel            Necr           0%         N/A       100%        6
 Dispersal                Tloc           0%         N/A       100%        6
 Eringya's Noxious Bog    Alch           0%         4d6       100%        6
 Plasma Beam              Fire/Air       0%         2x1d10    100%        6
 Starburst                Conj/Fire      0%         6d3       100%        6
 Summon Cactus Giant      Summ           0%         N/A       100%        6
 Enfeeble                 Hex            0%         N/A       100%        7
 Haunt                    Necr/Summ      0%         N/A       100%        7
 Orb of Destruction       Conj           0%         9d5       100%        7
 Spellforged Servitor     Conj/Summ      0%         N/A       100%        7
 Summon Hydra             Summ           0%         N/A       100%        7
 Discord                  Hex            0%         N/A       100%        8
 Disjunction              Tloc           0%         N/A       100%        8
 Infestation              Necr           0%         N/A       100%        8
 Lehudib's Crystal Spear  Conj/Erth      0%         10d2      100%        8
 Maxwell's Capacitive Co  Air            0%         ∞         100%        8
 Chain Lightning          Conj/Air       0%         N/A       100%        9
 Dragon's Call            Summ           0%         N/A       100%        9
 Fire Storm               Conj/Fire      0%         5d1       100%        9
 Shatter                  Erth           0%         3d5*      100%        9


Dungeon Overview and Level Annotations

Branches:
Dungeon (15/15)            Temple (0/1) D:6            Lair (5/5) D:8
 Shoals (4/4) Lair:2       Spider (4/4) Lair:3        Slime (5/5) Lair:4
    Orc (2/2) D:10            Elf (3/3) Orc:2        Vaults (5/5) D:14
  Crypt (3/3) Vaults:3       Tomb (0/3) Crypt:3      Depths (4/4) D:15
   Hell (visited)             Dis (0/7) Hell            Geh (0/7) Hell
    Coc (0/7) Hell            Tar (0/7) Hell            Zot (5/5) Depths:4

Altars:
Ashenzari
Cheibriados
Dithmenos
Fedhas
Gozag
Kikubaaqudgha
Makhleb
Okawaru
Ru
Sif Muna
Uskayaw
Vehumet
Wu Jian
Xom
Yredelemnul
Beogh
Jiyva

Shops:
D:6 *   D:7 *   D:15 [   Orc:1 (   Orc:2 !*[[   Elf:3 :=:   Shoals:3 *
Vaults:1 ?   Vaults:2 (   Depths:1 (   Depths:4 :?:

Portals:
Hell: Lair:5 Depths:1 Depths:2 Depths:3 Depths:4
Abyss: Depths:3
Pandemonium: Depths:2
Ziggurat: Depths:1

Annotations:
D:3 1 runed translucent door, 0gre's ghost, weakling GnHu
D:4 3 runed translucent doors, jboons's ghost, amateur DrEE
Lair:3 1 runed translucent door, hattop's ghost, journeyman TrFi
Lair:5 exclusion: oklob plant
Depths:4 3 runed translucent doors, Lucarghiu's ghost, veteran GnWn
Zot:4 3 runed translucent doors, Tiejaxt's ghost, master TeAE


Innate Abilities, Weirdness & Mutations

You are surrounded by a strong repulsion field. (EV +4, RMsl)
Your demonic aura causes all spilled blood to erupt in flames.
You are extremely robust. (+30% HP)
Your touch may irresistibly damage your foes and sap their willpower.
You are darkly shadowed, frequently releasing foul flame when damaged in melee.
You sometimes lose your temper in combat.
Armour fits poorly on your strangely shaped body.
You are very dopey. (Int -4)
Your magical capacity is extremely low. (-30% MP)
You are strong-willed. (Will+)
You passively map a small area around you.
You are weak. (Str -2)
Potions are less effective at restoring your health.


Message History

The fireball engulfs the orb of fire.
The orb of fire completely resists.
The fireball engulfs the orb of fire.
The orb of fire completely resists.
The orb of fire glows yellow.
The fireball explodes!
The fireball engulfs the orb of fire.
The orb of fire completely resists.
The fireball engulfs the orb of fire.
The orb of fire completely resists.
The fireball engulfs the orb of fire.
The orb of fire completely resists.
The fireball engulfs you! You resist.
* * * LOW HITPOINT WARNING * * *
The fireball engulfs the orb of fire.
The orb of fire completely resists.
The fireball engulfs the orb of fire.
The orb of fire completely resists.
A Killer Klown comes into view. It is wielding a +11 club of venom.
Unknown command.
Unknown command.
Unknown command.
Unknown command.
Unknown command.
Unknown command.
Unknown command.
Activating: Slouch (0% risk of failure)
Press: ? - help, Dir - look around, f - activate You can feel time thicken for a moment.
You destroy the orb of fire!
Cheibriados appreciates the change of pace.
You destroy the orb of fire!
Cheibriados appreciates the change of pace.
You destroy the death cob!
Cheibriados thoroughly appreciates the change of pace.
You kill the moth of wrath!
Cheibriados appreciates the change of pace.
The orb of fire glows yellow.
The bolt of fire hits the orb of fire.
The orb of fire completely resists.
The bolt of fire hits you. You resist.
* * * LOW HITPOINT WARNING * * *
The orb of fire glows deep purple.
Strange energies course through your body.
Your system partially rejects the healing effects of potions.
The orb of fire glows red.
The bolt of fire hits you! You resist.
You die...
Cheibriados appreciates the motionlessness of death.

#.D*Lz.DX.....#
**,,,,,,,,,,,,,
##....XL.!.....#*
**,,,^,,,,,,,,
#.....z)p.^^....*
**,,,,,,,,,,,
########.#####*##▓▓
####**####** # #...#.p..##
#..####..# #..# #
*#...)...†###........# #..#
## ##..§.#...##........#
#..# .##
#######..p.*.####..####..###
..## ##L**@#####..####..###
...## ##..*## ###..####..###
#...########...##
##...####..###
##............##
##...#####..###
##..........##
##.).######..###
############
##)<.######...### #
##....)####<..#### ##
##...#...##...#####
.########
####...###...(..######


You could see 4 orbs of fire, 2 Killer Klowns and an ancient lich.

Vanquished Creatures
  the Royal Jelly (Slime:5)
  Tiamat (Zot:4)
  An ancient lich (Crypt:3)
  5 orbs of fire
  Xtahua (Crypt:2)
  Parghit (Zot:4)
  Vv (Zot:2)
  Saint Roka (Vaults:4)
  5 caustic shrikes
  A curse toe (Zot:3)
  Geryon (Hell)
  Arachne (Spider:4)
  Jory (Crypt:1)
  6 golden dragons
  A bone dragon (Abyss:4)
  6 liches
  A walking crystal tome (Depths:3)
  25 tentacled monstrosities
  8 Orb Guardians (Zot:5)
  3 deep elf master archers (Elf:3)
  10 quicksilver dragons
  3 titans
  9 acid blobs
  A walking divine tome (Depths:3)
  6 death cobs
  4 deep elf blademasters (Elf:3)
  6 sphinxes
  11 ancient champions
  A tentacled starspawn (Abyss:4)
  Polyphemus (Shoals:2)
  4 tengu reavers
  9 storm dragons
  8 shadow dragons
  Agnes (Spider:1)
  9 azure jellies
  Donald (Spider:1)
  Aizul (Spider:2)
  3 revenants
  5 draconian monks
  5 protean progenitors
  9 draconian shifters
  A balrug (Depths:1)
  7 fire giants
  7 rockslimes
  7 emperor scorpions
  8 draconian knights
  6 deep elf sorcerers
  11 frost giants
  An iron dragon (Hell)
  14 vault wardens
  8 draconian scorchers
  8 ghost moths
  An angel (Vaults:3)
  3 deep elf elementalists (Elf:3)
  5 ghouls (Crypt:1)
  A juggernaut zombie (Crypt:3)
  2 curse skulls
  2 spriggan defenders (Depths:2)
  6 draconian stormcallers
  5 draconian annihilators
  5 orc warlords
  5 quicksilver oozes
  4 reapers (Hell)
  6 broodmothers
  8 formless jellyfish
  23 ironbound preservers
  33 very ugly things
  2 caustic shrike skeletons (Crypt:3)
  9 ironbound thunderhulks
  3 deep elf demonologists
  7 stone giants
  10 green draconians
  7 vampire knights
  3 deep elf annihilators
  6 deep elf death magi
  Azrael (Elf:2)
  2 pale draconians (Depths:4)
  19 red draconians
  14 black draconians
  8 white draconians
  7 yellow draconians
  11 war gargoyles
  18 dire elephants
  11 purple draconians
  A green death (Hell)
  2 spark wasps
  5 eidola
  9 ettins
  A crystal guardian (Vaults:3)
  8 fire dragons
  4 blizzard demons
  Josephine (Lair:3)
  4 merfolk javelineers (Shoals:4)
  2 entropy weavers
  12 jiangshi
  8 merfolk impalers
  6 deep elf high priests
  A fenstrider witch zombie (Crypt:1)
  13 great orbs of eyes
  An ice dragon (shapeshifter) (Vaults:4)
  An entropy weaver (shapeshifter) (Elf:2)
  Erolcha (Orc:1)
  8 yaktaur captains
  A spriggan zombie (Crypt:2)
  41 vault guards
  A jorogumo (Spider:4)
  4 rakshasas
  3 ice dragons
  4 ghost crabs (Crypt:3)
  6 hydras
  7 ogre magi
  2 hell beasts
  4 spriggan air magi (Depths:4)
  3 merfolk avatars (Shoals:4)
  4 peacekeepers
  2 death knights
  An anaconda (shapeshifter) (Vaults:5)
  4 catoblepae
  10 boulder beetles
  4 radroaches
  6 alligator snapping turtles (Shoals:4)
  12 two-headed ogres
  9 ironbound frosthearts
  31 dancing weapons
  5 deep troll shamans
  A sphinx skeleton (D:15)
  2 merfolk aquamancers (Shoals:4)
  3 satyrs
  14 centaur warriors
  3 death yaks
  A bennu zombie (Crypt:1)
  9 tengu warriors
  5 deep troll earth magi
  9 spriggan berserkers
  38 hell knights
  A thrashing horror (Abyss:4)
  2 orc high priests
  6 hell hogs
  An occultist (D:15)
  10 demonic crawlers
  18 deep elf knights
  6 vampire magi
  8 soul eaters
  4 spriggans
  11 sun demons
  A storm dragon zombie (Crypt:3)
  A storm dragon skeleton (D:15)
  2 wretched stars (Abyss:4)
  A salamander mystic (Depths:1)
  A fire crab (shapeshifter) (Elf:1)
  A fire crab (Lair:5)
  4 iron trolls
  3 shadow wraiths
  7 skysharks
  9 sea snakes
  An iron giant zombie (Crypt:2)
  73 deep trolls
  34 skeletal warriors
  6 pharaoh ants
  A sea snake (shapeshifter) (Depths:2)
  A deep troll (shapeshifter) (Depths:4)
  A spriggan simulacrum (Crypt:2)
  6 flayed ghosts
  7 glowing orange brains
  12 orb spiders
  An anaconda zombie (Hell)
  13 ironbound convokers
  4 sun moths
  37 phantasmal warriors
  21 orc knights
  3 swamp dragons (Depths:4)
  8 arcanists
  A bog body (Crypt:1)
  6 lindwurms
  13 deep elf archers
  3 harpies (Shoals:4)
  An iron giant skeleton (Crypt:2)
  A shadow dragon zombie (Crypt:3)
  8 thermic dynamos
  2 anaconda skeletons (Hell)
  Pikel (D:8)
  35 deep elf pyromancers
  A bunyip skeleton (Hell)
  7 steelbarb worms
  22 deep elf zephyrmancers
  A shadow dragon skeleton (Hell)
  2 starcursed masses (Abyss:4)
  7 necromancers
  41 ugly things
  A wolf spider (shapeshifter) (Vaults:5)
  An iron dragon zombie (Vaults:3)
  6 orc sorcerers
  20 wolf spiders
  A salamander (shapeshifter) (Elf:1)
  3 shining eyes
  An alligator zombie (Crypt:1)
  9 cyclopes
  16 fauns
  2 alligator skeletons (Hell)
  A fire giant zombie (Vaults:3)
  A large abomination (Abyss:4)
  A mana viper (shapeshifter) (Elf:1)
  4 salamanders (Depths:1)
  A meliai (shapeshifter) (Elf:2)
  2 centaur zombies
  21 vault sentinels
  A guardian serpent (shapeshifter) (Vaults:5)
  28 moths of wrath
  2 kobold blastminers (Orc:1)
  22 manticores
  6 meliai
  8 elephants
  A water nymph (shapeshifter) (Elf:3)
  6 rust devils
  3 water nymphs
  7 black mambas
  A stone giant skeleton (Vaults:3)
  2 eyes of devastation
  2 molten gargoyles (Hell)
  17 smoke demons
  7 merfolk sirens
  A naga skeleton (Crypt:3)
  8 torpor snails
  A hellion (Hell)
  An elf skeleton (Vaults:3)
  16 cane toads
  2 orange demons (Lair:5)
  6 gargoyles
  A cane toad (shapeshifter) (Elf:1)
  A komodo dragon (shapeshifter) (Orc:2)
  6 rime drakes
  An unseen horror (D:12)
  15 yaktaurs
  An unseen horror zombie (D:7)
  5 tengu conjurers
  An alligator snapping turtle skeleton (Crypt:3)
  12 komodo dragons
  13 freezing wraiths
  A sea snake skeleton (Hell)
  2 sea snake zombies (Hell)
  10 ice devils
  2 harpy zombies (Crypt:3)
  An efreet (Zot:2)
  2 red devils
  A hydra zombie (Hell)
  5 polar bears
  6 trolls
  33 merfolk
  A queen bee (Abyss:4)
  A harpy skeleton (Crypt:3)
  25 tarantellas
  23 blink frogs
  Grinder (D:5)
  6 hornets
  A hydra skeleton (Hell)
  An iron dragon simulacrum (Crypt:2)
  4 wind drakes
  3 glass eyes
  5 snapping turtles
  An ettin zombie (Crypt:3)
  12 dream sheep
  38 jumping spiders
  19 culicivoras
  2 centaur simulacra
  An ettin skeleton (Crypt:3)
  3 fire dragon skeletons (Crypt:3)
  2 spriggan skeletons
  A dire elephant simulacrum (Hell)
  2 vampires
  8 shadows
  8 wyverns
  57 slime creatures
  Sigmund (D:2)
  An air elemental (Elf:2)
  15 wraiths
  A wyvern (shapeshifter) (Elf:1)
  A ynoxinul (Depths:2)
  Eustachio (D:6)
  24 fire elementals
  10 wargs
  3 basilisks
  67 yaks
  4 steam dragons
  A hog (shapeshifter) (Elf:1)
  A sea snake simulacrum (Hell)
  10 water elementals
  32 redbacks
  A chaos spawn (Elf:3)
  Menkaure (D:6)
  3 small abominations (Abyss:4)
  A naga zombie (Crypt:3)
  12 vampire mosquitoes
  2 acid dragons
  A two-headed ogre zombie (Crypt:1)
  20 water moccasins
  7 hell hounds
  Duvessa (D:6)
  A two-headed ogre skeleton (Crypt:2)
  3 black bears
  36 laughing skulls
  19 ogres
  21 orc warriors
  3 sky beasts
  2 ice beasts
  A tengu (shapeshifter) (Elf:2)
  A blink frog zombie (Crypt:2)
  A hornet zombie (D:7)
  A boggart (Vaults:3)
  A snapping turtle skeleton (Crypt:2)
  14 centaurs
  13 wolves
  A lindwurm skeleton (Crypt:2)
  4 lemures (D:8)
  2 phantoms
  4 kobold brigands
  20 bullfrogs
  5 scorpions
  A draconian skeleton (Crypt:2)
  2 earth elementals
  A bullfrog (shapeshifter) (Elf:1)
  A gnoll sergeant (D:7)
  A water moccasin zombie (D:7)
  2 wights (D:7)
  Dowan (D:6)
  A burial acolyte (D:7)
  5 electric eels
  10 howler monkeys
  A crimson imp (D:6)
  A bullfrog zombie (D:7)
  5 bombardier beetles
  2 hounds (D:4)
  3 centaur skeletons
  2 jellies (D:6)
  21 orc priests
  A human zombie (D:7)
  2 iguanas
  32 orc wizards
  A sleepcap (D:6)
  Terence (D:2)
  9 hell rats
  A crocodile skeleton (Crypt:1)
  A hound skeleton (Crypt:2)
  7 gnolls (D:7)
  3 howler monkey skeletons (D:7)
  9 adders
  A shadow imp (D:6)
  9 white imps
  4 ufetubi (D:6)
  4 dart slugs
  95 orcs
  8 bats
  4 endoplasms
  A giant cockroach (D:1)
  7 goblins
  9 hobgoblins
  5 jackals
  3 quokkas
  5 ball pythons
  A dart slug zombie (Crypt:1)
  2 frilled lizards (D:1)
  A jackal zombie (Crypt:1)
  20 kobolds
  A quokka skeleton (Crypt:1)
  6 rats
  A starspawn tentacle (Abyss:4)
2589 creatures vanquished.

Vanquished Creatures (collateral kills)
  An orb of fire (Zot:5)
  3 Orb Guardians (Zot:5)
  A deep elf master archer (Elf:3)
  A deep elf sorcerer (Elf:3)
  A deep elf demonologist (Elf:3)
  2 deep elf annihilators (Elf:3)
  A deep elf high priest (Elf:3)
  A deep elf pyromancer (Elf:3)
11 creatures vanquished.

Vanquished Creatures (others)
  2 draconian knights
  A black draconian (Zot:1)
  A centaur warrior (D:13)
  A deep elf knight (Elf:3)
  A deep elf archer (Elf:3)
  2 deep elf zephyrmancers
  A harpy (Shoals:4)
  A moth of wrath (Zot:2)
  A water elemental (Elf:1)
  A redback (Spider:1)
  A swamp worm (shapeshifter) (Vaults:5)
  An orc wizard (D:12)
  3 hell rats
  3 orcs
  2 starspawn tentacles (Abyss:4)
22 creatures vanquished.

Grand Total: 2622 creatures vanquished

Notes
Turn   | Place    | Note
-------+----------+-------------------------------------------
     0 | D:1      | grandjackal the Demonspawn Gladiator began the quest for
                  | the Orb.
     0 | D:1      | Reached XP level 1. HP: 16/16 MP: 1/1
   156 | D:1      | Gained mutation: You are faintly shadowed, very rarely
                  | releasing foul flame when damaged in melee. [demonic
                  | ancestry]
   156 | D:1      | Reached XP level 2. HP: 22/22 MP: 2/2
   467 | D:1      | Reached skill level 1 in Short Blades
   467 | D:1      | Reached XP level 3. HP: 28/28 MP: 3/3
   894 | D:2      | Found a faded altar of an unknown god.
   931 | D:2      | Noticed Terence
   951 | D:2      | Killed Terence
   974 | D:2      | Noticed Sigmund
  1000 | D:2      | Killed Sigmund
  1001 | D:2      | Reached skill level 1 in Armour
  1001 | D:2      | Gained mutation: You are shadowed, sometimes releasing foul
                  | flame when damaged in melee. [demonic ancestry]
  1001 | D:2      | Reached XP level 4. HP: 24/37 MP: 4/4
  1001 | D:2      | Gained mutation: Your demonic aura sometimes causes spilled
                  | blood to erupt in flames. [demonic ancestry]
  1001 | D:2      | Reached XP level 5. HP: 28/42 MP: 5/5
  1237 | D:3      | Noticed 0gre's ghost (weakling GnHu)
  1252 | D:3      | Found a runed translucent door.
  1350 | D:3      | Found an iron altar of Okawaru.
  1375 | D:3      | Gained mutation: You are darkly shadowed, frequently
                  | releasing foul flame when damaged in melee. [demonic
                  | ancestry]
  1375 | D:3      | Reached XP level 6. HP: 41/48 MP: 6/6
  2524 | D:4      | Reached XP level 7. HP: 55/55 MP: 7/7
  2777 | D:4      | Found a blossoming altar of Fedhas.
  2802 | D:4      | Found a runed translucent gate.
  2803 | D:4      | Found a runed translucent gate.
  2804 | D:4      | Found a runed translucent gate.
  2807 | D:4      | Found an opulent altar of Gozag.
  2808 | D:4      | Noticed jboons's ghost (amateur DrEE)
  2831 | D:4      | Found a snail-covered altar of Cheibriados.
  2877 | D:4      | Reached skill level 5 in Fighting
  2928 | D:4      | Became a worshipper of Cheibriados the Contemplative
  3130 | D:4      | Reached skill level 1 in Invocations
  3391 | D:5      | Entered Level 5 of the Dungeon
  3612 | D:5      | Found a broken altar of Ashenzari.
  3806 | D:5      | Reached XP level 8. HP: 58/65 MP: 11/11
  3875 | D:5      | Found a basalt altar of Yredelemnul.
  4092 | D:5      | Reached * piety under Cheibriados
  4093 | D:5      | Reached skill level 5 in Invocations
  4369 | D:6      | Noticed Grinder
  4379 | D:5      | Paralysed by Grinder for 2 turns
  4392 | D:5      | Reached skill level 1 in Evocations
  4392 | D:5      | Paralysed by Grinder for 3 turns
  4407 | D:5      | Paralysed by Grinder for 5 turns
  4430 | D:5      | Paralysed by Grinder for 4 turns
  4447 | D:5      | Killed Grinder
  4546 | D:6      | Noticed Menkaure
  4574 | D:6      | Killed Menkaure
  4778 | D:6      | Found a shimmering blue altar of Sif Muna.
  4779 | D:6      | Noticed Dowan
  4779 | D:6      | Noticed Duvessa
  4829 | D:6      | Killed Duvessa
  4829 | D:6      | Reached ** piety under Cheibriados
  4830 | D:6      | Reached XP level 9. HP: 66/74 MP: 14/14
  4837 | D:6      | Killed Dowan
  5009 | D:6      | Noticed Eustachio
  5012 | D:6      | Found a hide-covered altar of Uskayaw.
  5105 | D:6      | Found Iuuha's Incredible Inventory.
  5129 | D:6      | Bought a scroll of immolation for 56 gold pieces
  5129 | D:6      | Bought a potion of invisibility for 112 gold pieces
  5129 | D:6      | Bought a scroll of identify for 28 gold pieces
  5139 | D:6      | Found a staircase to the Ecumenical Temple.
  5438 | D:6      | Killed Eustachio
  5527 | D:6      | Reached skill level 5 in Evocations
  5659 | D:6      | Found a radiant altar of Vehumet.
  5660 | D:6      | Found a burning altar of Makhleb.
  5986 | D:7      | Found Wudavoru's General Store.
  5992 | D:7      | Bought a wand of paralysis (7) for 218 gold pieces
  6350 | D:7      | Found an ornate altar of the Wu Jian Council.
  6350 | D:7      | Found a shadowy altar of Dithmenos.
  6636 | D:7      | Reached *** piety under Cheibriados
  6779 | D:7      | Found an ancient bone altar of Kikubaaqudgha.
  7243 | D:7      | Reached XP level 10. HP: 81/83 MP: 17/17
  7383 | D:8      | Noticed a death yak
  7399 | D:8      | Killed a death yak
  7400 | D:8      | Reached skill level 10 in Invocations
  7406 | D:8      | HP: 2/83 [yak (12)]
  7670 | D:8      | Reached **** piety under Cheibriados
  7685 | D:8      | Noticed Pikel
  7690 | D:8      | Killed Pikel
  7897 | D:8      | Identified the +1 scale mail of Vylaj {rPois}
  8064 | D:8      | Found a staircase to the Lair.
  8237 | D:8      | Reached skill level 10 in Fighting
  8655 | D:9      | Reached skill level 10 in Evocations
  8738 | D:9      | Identified the +7 flail "Gozeopt" {holy, rPois rF+ rCorr}
  8750 | D:9      | Identified the +10 flail of Macwimao {flame, rF- Int+2
                  | Stlth+}
  8788 | D:9      | Found a sacrificial altar of Ru.
  8868 | D:9      | Reached skill level 5 in Long Blades
  8871 | D:9      | Gained mutation: You are surrounded by a mild repulsion
                  | field. (EV +2) [demonic ancestry]
  8871 | D:9      | Reached XP level 11. HP: 82/92 MP: 19/19
  8890 | D:9      | Reached ***** piety under Cheibriados
  9467 | D:10     | Entered Level 10 of the Dungeon
  9662 | D:10     | Found a staircase to the Orcish Mines.
 10917 | D:12     | Noticed a two-headed ogre
 10923 | D:12     | Killed a two-headed ogre
 11040 | D:12     | Noticed a skeletal warrior
 11053 | D:12     | Killed a skeletal warrior
 11200 | D:12     | Noticed a five-headed hydra
 11209 | D:12     | Killed a five-headed hydra
 11251 | D:12     | Reached XP level 12. HP: 81/100 MP: 21/21
 11614 | D:12     | Noticed a centaur warrior
 11620 | D:12     | Killed a centaur warrior
 11860 | D:12     | Noticed a centaur warrior
 11870 | D:12     | Killed a centaur warrior
 11876 | D:12     | Reached ****** piety under Cheibriados
 12156 | D:12     | Noticed a centaur warrior
 12159 | D:12     | Killed a centaur warrior
 12160 | D:12     | Noticed a boulder beetle
 12178 | D:12     | Killed a boulder beetle
 12328 | D:12     | Noticed a boulder beetle
 12328 | D:12     | Noticed a fire dragon
 12329 | D:12     | Noticed a war gargoyle
 12329 | D:12     | Noticed an ettin
 12342 | D:12     | Killed a war gargoyle
 12346 | D:12     | Killed a boulder beetle
 12348 | D:12     | HP: 2/102 [ettin/+0 dire flail (33)]
 12348 | D:12     | Killed an ettin
 12682 | D:12     | Killed a fire dragon
 13297 | Lair:1   | Entered Level 1 of the Lair of Beasts
 13411 | Lair:1   | Reached XP level 13. HP: 94/109 MP: 23/23
 13493 | Lair:1   | Found the ring of the Octopus King
 13497 | Lair:1   | Identified a ring of the Octopus King {rCorr HP+2 AC+2 EV+2
                  | SH+2}
 14796 | Lair:2   | Reached skill level 15 in Invocations
 15427 | Lair:2   | Found a staircase to the Shoals.
 16078 | Lair:3   | Identified the +5 ring mail of Veebroph {Int+2}
 16381 | Lair:3   | Found a runed translucent door.
 16382 | Lair:3   | Found a shimmering altar of Xom.
 16382 | Lair:3   | Noticed hattop's ghost (journeyman TrFi)
 16571 | Lair:3   | Noticed Josephine
 16574 | Lair:3   | Killed Josephine
 16701 | Lair:3   | Reached skill level 15 in Evocations
 16717 | Lair:3   | Found a hole to the Spider Nest.
 17477 | Lair:4   | Found a viscous altar of Jiyva.
 17477 | Lair:4   | Found a staircase to the Slime Pits.
 17628 | Lair:4   | Reached XP level 14. HP: 118/118 MP: 26/26
 17644 | Lair:4   | Identified the +5 plate armour of Focus {*Slow Will+ SInv}
 17694 | Lair:4   | Reached skill level 10 in Long Blades
 17993 | Lair:5   | Entered Level 5 of the Lair of Beasts
 18593 | Lair:5   | Reached skill level 5 in Dodging
 19991 | Lair:5   | Found a burning altar of Makhleb.
 20016 | Lair:5   | Found a gateway to Hell.
 20213 | Orc:1    | Entered Level 1 of the Orcish Mines
 20427 | Orc:2    | Entered Level 2 of the Orcish Mines
 20442 | Orc:2    | Gained mutation: You are surrounded by a moderate repulsion
                  | field. (EV +3) [demonic ancestry]
 20442 | Orc:2    | Reached XP level 15. HP: 74/127 MP: 19/27
 20767 | Orc:1    | Found Kesoaluj's Antique Weapon Emporium.
 21057 | Orc:1    | Noticed Erolcha
 21064 | Orc:1    | Killed Erolcha
 21086 | Orc:1    | Found a roughly hewn altar of Beogh.
 21509 | Orc:2    | Reached skill level 15 in Fighting
 21765 | Orc:2    | Found Xudeyfir's Distillery.
 21768 | Orc:2    | Found a roughly hewn altar of Beogh.
 21786 | Orc:2    | Bought a potion of attraction for 36 gold pieces
 21786 | Orc:2    | Bought a potion of lignification for 36 gold pieces
 21786 | Orc:2    | Bought a potion of magic for 96 gold pieces
 21798 | Orc:2    | Found Ytraxiul's General Store.
 21805 | Orc:2    | Bought a scroll of blinking for 112 gold pieces
 21826 | Orc:2    | Found Riryff's Armour Boutique.
 21846 | Orc:2    | Found Vykhle's Armour Shop.
 22232 | Orc:2    | Found a staircase to the Elven Halls.
 24786 | D:14     | Found a gate to the Vaults.
 25471 | D:15     | Entered Level 15 of the Dungeon
 25471 | D:15     | Found a staircase to the Depths.
 25490 | D:15     | Reached skill level 1 in Shields
 26177 | D:15     | Found Veidopn's Antique Armour Shop.
 26195 | D:15     | Gained mutation: Your touch may inflict minor irresistible
                  | damage on your foes. [demonic ancestry]
 26195 | D:15     | Reached XP level 16. HP: 137/137 MP: 29/29
 26199 | D:15     | Bought a pair of runed boots for 277 gold pieces
 26199 | D:15     | Bought a shiny helmet for 277 gold pieces
 26236 | D:15     | Found a shimmering blue altar of Sif Muna.
 26415 | D:15     | Paralysed by something for 5 turns
 27547 | Elf:1    | Entered Level 1 of the Elven Halls
 28004 | Spider:1 | Entered Level 1 of the Spider Nest
 28765 | Spider:1 | Identified a scroll of acquirement
 29078 | Spider:1 | Noticed Donald
 29082 | Spider:1 | Killed Donald
 29164 | Spider:1 | Noticed Agnes
 29168 | Spider:1 | Killed Agnes
 30119 | Spider:1 | Reached skill level 5 in Shields
 30554 | Spider:2 | Identified the serpent talisman "Dish" {rElec rN+ Str+4}
 30554 | Spider:2 | Noticed Aizul
 30561 | Spider:2 | Killed Aizul
 31453 | Spider:3 | HP: 6/141 [something (8)]
 31457 | Spider:3 | Reached XP level 17. HP: 5/146 MP: 0/31
 32601 | Spider:4 | Entered Level 4 of the Spider Nest
 33462 | Spider:4 | Noticed Arachne
 33476 | Spider:4 | Killed Arachne
 35257 | Spider:4 | Got a gossamer rune of Zot
 37180 | Elf:2    | Noticed Azrael
 37191 | Elf:2    | Killed Azrael
 37600 | Elf:2    | Gained mutation: Your demonic aura often causes spilled
                  | blood to erupt in flames. [demonic ancestry]
 37600 | Elf:2    | Reached XP level 18. HP: 156/156 MP: 21/32
 37806 | Elf:2    | Noticed a Brimstone Fiend
 37838 | Elf:2    | HP: 2/158 [deep elf zephyrmancer/bolt of lightning (24)]
 37843 | Elf:2    | HP: 7/158 [deep elf pyromancer/bolt of fire (14)]
 38364 | Elf:2    | Got Voceabb's Almanac of Companions
 38727 | Elf:2    | Noticed an Ice Fiend
 38732 | Elf:2    | Noticed a Brimstone Fiend
 38738 | Elf:2    | Paralysed by an air elemental for 1 turns
 39105 | Elf:2    | Found a runed translucent gate.
 39105 | Elf:2    | Found a runed translucent gate.
 39115 | Elf:2    | Found a runed translucent gate.
 40480 | Elf:3    | Entered Level 3 of the Elven Halls
 40490 | Elf:3    | Reached skill level 10 in Shields
 40491 | Elf:3    | Found a flickering gateway to a bazaar.
 40500 | Bazaar   | Entered a bazaar
 40520 | Bazaar   | Found Roeg's Jewellery Boutique.
 40536 | Bazaar   | Found Lokio's Antique Weapon Shoppe.
 40553 | Bazaar   | Found Gaser's Antique Weapon Boutique.
 40570 | Bazaar   | Found Fiheq's Antique Armour Emporium.
 40575 | Bazaar   | Bought a shiny helmet for 270 gold pieces
 40575 | Bazaar   | Bought a pair of runed boots for 270 gold pieces
 40610 | Bazaar   | Bought the ring "Bofer" {Fly rPois Dex+6 Stlth-} for 478
                  | gold pieces
 40610 | Bazaar   | Bought an amulet of regeneration for 360 gold pieces
 40699 | Elf:3    | Found Buabeh's Book Shop.
 40699 | Elf:3    | Found Xotot's Jewellery Emporium.
 40701 | Elf:3    | Found Vuclien's Book Shop.
 41233 | Elf:3    | Identified the amulet of Neamir Yshromm {Acrobat rF- rN+
                  | Int+2}
 41370 | Elf:3    | Identified the +8 scale mail of the Barracuda {rF- Str+8
                  | Dex+4}
 41404 | Elf:3    | Noticed an Ice Fiend
 41405 | Abyss:4  | Cast into level 4 of the Abyss (a deep elf sorcerer)
 41545 | Abyss:4  | Noticed a bone dragon
 41569 | Abyss:4  | Killed a bone dragon
 41629 | Abyss:4  | Got an abyssal rune of Zot
 41635 | Elf:3    | Escaped the Abyss
 41647 | Elf:3    | Gained mutation: Your demonic aura causes all spilled blood
                  | to erupt in flames. [demonic ancestry]
 41647 | Elf:3    | Reached XP level 19. HP: 55/166 MP: 4/34
 41863 | Elf:3    | Identified the ring "Ichaoh" {Fire rPois Int+2}
 41920 | Elf:3    | Identified the +9 scale mail of Ravioli {Harm *Corrode
                  | rPois rC+ Str+4}
 41979 | Elf:3    | Identified the +1 chain mail of the Chewing Gods {Int+3}
 41979 | Elf:3    | Identified the ring of Archa {rPois rF+ Str+3 Int+4 Slay-6}
 42005 | Elf:3    | Identified the +1 pair of boots of Time Monsters {+Inv rC+
                  | Regen+ Int+6}
 42031 | Elf:3    | Got the Incunabulum of the Brume
 42037 | Elf:3    | Identified the +4 ring mail of Grace {Dex+4}
 42067 | Elf:3    | Identified the +5 plate armour of Yrchaenexim {rElec Regen+
                  | Dex+4}
 42100 | Elf:3    | Got the Anthology of the Hornet and Fog
 42110 | Elf:3    | Identified the +0 leather armour "Jycam" {Str+7}
 42164 | Elf:3    | Identified the staff of the Sun {rF- Int+5 Stlth+ Tloc
                  | Earth}
 42452 | Shoals:1 | Entered Level 1 of the Shoals
 42516 | Shoals:1 | You are sucked into a shaft and drop 1 floor!
 42598 | Shoals:1 | Identified the +1 dagger of Corpus Delicti {flame, ^Drain
                  | +Blink Str+2 Int+3}
 43084 | Shoals:1 | Identified the +1 chain mail "Noonots" {Rampage rF- rN+
                  | Str+2}
 43283 | Shoals:2 | Noticed Polyphemus
 43297 | Shoals:2 | Killed Polyphemus
 43591 | Shoals:2 | Identified the +1 pair of gloves of Weirdness {rElec rF+
                  | rN+ Str-4}
 44050 | Shoals:3 | Found Tepan's Assorted Antiques.
 44058 | Shoals:3 | Bought a scroll of blinking for 142 gold pieces
 44072 | Shoals:3 | Bought a scroll of summoning for 180 gold pieces
 44752 | Shoals:4 | Entered Level 4 of the Shoals
 44769 | Shoals:4 | Identified the +1 robe of Shielding {rC+ rCorr}
 45234 | Shoals:4 | Identified the +8 orcbow "Biuschau" {flame, Str-3 Int+6}
 45813 | Shoals:4 | Gained mutation: Your touch may inflict irresistible damage
                  | on your foes. [demonic ancestry]
 45813 | Shoals:4 | Reached XP level 20. HP: 158/176 MP: 36/36
 45996 | Shoals:4 | Got a barnacled rune of Zot
 46415 | Vaults:1 | Entered Level 1 of the Vaults
 46680 | Vaults:1 | Reached skill level 5 in Armour
 46903 | Vaults:1 | Found Pequng's Magic Scroll Shoppe.
 46923 | Vaults:1 | Bought a scroll of fear for 40 gold pieces
 46923 | Vaults:1 | Bought a scroll of blinking for 75 gold pieces
 46923 | Vaults:1 | Bought a scroll of blinking for 75 gold pieces
 46923 | Vaults:1 | Bought a scroll of teleportation for 30 gold pieces
 46923 | Vaults:1 | Bought a scroll of teleportation for 30 gold pieces
 46923 | Vaults:1 | Bought a scroll of blinking for 75 gold pieces
 46923 | Vaults:1 | Bought a scroll of immolation for 40 gold pieces
 46923 | Vaults:1 | Bought a scroll of torment for 95 gold pieces
 47527 | Vaults:2 | Found Ynijenli's Weapon Shop.
 48908 | Vaults:3 | Found a staircase to the Crypt.
 48913 | Vaults:3 | Reached XP level 21. HP: 183/183 MP: 37/37
 49899 | Vaults:4 | Reached skill level 15 in Shields
 50119 | Vaults:4 | Reached skill level 10 in Armour
 50222 | Vaults:4 | Reached skill level 27 in Invocations
 50544 | Vaults:4 | Identified the +8 orcbow "Eklaaff" {flame, rElec Str+2}
 50559 | Vaults:4 | Noticed Saint Roka
 50592 | Vaults:4 | Killed Saint Roka
 50602 | Vaults:4 | Gained mutation: You are surrounded by a strong repulsion
                  | field. (EV +4, RMsl) [demonic ancestry]
 50602 | Vaults:4 | Reached XP level 22. HP: 148/190 MP: 28/39
 50921 | Vaults:4 | Identified the +9 sling "Waus" {heavy, rElec rPois rN+}
 50986 | Vaults:4 | Identified the +3 sling "Uwaagh" {flame, rC++ Int+4}
 51579 | Vaults:5 | Entered Level 5 of the Vaults
 51585 | Vaults:5 | Reached skill level 10 in Dodging
 52248 | Vaults:5 | Paralysed by a sphinx for 4 turns
 52444 | Vaults:5 | Noticed a golden dragon
 52459 | Vaults:5 | Killed a golden dragon
 52600 | Vaults:5 | Gained mutation: Your touch may irresistibly damage your
                  | foes and sap their willpower. [demonic ancestry]
 52600 | Vaults:5 | Reached XP level 23. HP: 199/199 MP: 40/40
 52836 | Vaults:5 | Got the Lessons on the Nimbus
 53063 | Vaults:5 | Got a silver rune of Zot
 53279 | Vaults:5 | Acquired the ring "Noubiter" {rF+ rC+ Str+2 Dex+2}
 53381 | Crypt:1  | Entered Level 1 of the Crypt
 53732 | Crypt:1  | Noticed Jory
 53744 | Crypt:1  | Killed Jory
 54470 | Crypt:2  | Noticed Xtahua
 54499 | Crypt:2  | Killed Xtahua
 55146 | Crypt:3  | Entered Level 3 of the Crypt
 55532 | Crypt:3  | Identified the staff of Death's Door {Summ Earth}
 55534 | Crypt:3  | Identified the +10 short sword "Litsiet" {drain, Dex+4}
 55857 | Crypt:3  | Reached skill level 15 in Armour
 55961 | Crypt:3  | Identified the +5 lajatang "Oddohydy" {holy, Dex+3 SInv}
 56264 | Crypt:3  | Found a staircase to the Tomb.
 56303 | Crypt:3  | Got the Elucidation of the Curupira
 56311 | Crypt:3  | Noticed an ancient lich
 56326 | Crypt:3  | Killed an ancient lich
 56979 | Depths:1 | Entered Level 1 of the Depths
 56994 | Depths:1 | Found Wutiob's Firing Range.
 56999 | Depths:1 | Bought 2 throwing nets for 84 gold pieces
 56999 | Depths:1 | Bought a throwing net for 42 gold pieces
 56999 | Depths:1 | Bought a throwing net for 42 gold pieces
 57016 | Depths:1 | Found a one-way gateway to a ziggurat.
 57082 | Depths:1 | Identified the +5 demon whip of Fragile Peace {drain, rF+
                  | Int+2}
 57099 | Depths:1 | Gained mutation: You are robust. (+10% HP) [demonic
                  | ancestry]
 57099 | Depths:1 | Reached XP level 24. HP: 73/235 MP: 24/40
 58663 | Depths:2 | Found a one-way gate leading to the halls of Pandemonium.
 58746 | Depths:3 | Reached skill level 15 in Dodging
 58928 | Depths:3 | You are sucked into a shaft and drop 1 floor!
 58928 | Depths:4 | Entered Level 4 of the Depths
 58928 | Depths:4 | Found Uhedis's Magic Scroll Shoppe.
 58928 | Depths:4 | Found Segoth's Book Shoppe.
 58999 | Depths:4 | Bought a scroll of teleportation for 51 gold pieces
 58999 | Depths:4 | Bought a scroll of blinking for 127 gold pieces
 58999 | Depths:4 | Bought a scroll of blinking for 127 gold pieces
 58999 | Depths:4 | Bought a scroll of fear for 68 gold pieces
 58999 | Depths:4 | Bought a scroll of summoning for 161 gold pieces
 58999 | Depths:4 | Bought a scroll of vulnerability for 68 gold pieces
 59506 | Depths:3 | Identified the +1 war axe of the Forsaken Defenders {flame,
                  | ^Drain Will+ rCorr Str+3}
 59514 | Depths:3 | Found a one-way gate to the infinite horrors of the Abyss.
 60143 | Depths:4 | Reached XP level 25. HP: 201/249 MP: 40/40
 60226 | Depths:4 | Found a runed translucent gate.
 60227 | Depths:4 | Found a runed translucent gate.
 60228 | Depths:4 | Found a runed translucent gate.
 60376 | Depths:4 | Found Gaelyman's Book Emporium.
 60674 | Depths:4 | Found a gate to the Realm of Zot.
 60945 | Depths:4 | Found a runed translucent gate.
 60945 | Depths:4 | Found a runed translucent gate.
 60948 | Depths:4 | Noticed Lucarghiu's ghost (veteran GnWn)
 60949 | Depths:4 | Found a runed translucent gate.
 61310 | Slime:1  | Entered Level 1 of the Pits of Slime
 61604 | Slime:3  | Gained mutation: You are dopey. (Int -2) [a shining eye]
 61737 | Slime:5  | Entered Level 5 of the Pits of Slime
 61737 | Slime:5  | Found the +9 sword of Power {lifebolt}
 61742 | Slime:5  | Gained mutation: You sometimes lose your temper in combat.
                  | [a shining eye]
 61821 | Slime:5  | Noticed the Royal Jelly
 61828 | Slime:5  | Killed the Royal Jelly
 61979 | Slime:5  | Got a slimy rune of Zot
 61982 | Slime:5  | Identified the ring "Delagh" {rElec Will+ rCorr}
 62011 | Slime:5  | Identified the +0 great sword "Hoethow" {freeze, Will++
                  | Stlth+}
 62026 | Slime:5  | Identified the ring "Xezxopuch" {rC+ Dex+3}
 62495 | Zot:1    | Entered Level 1 of the Realm of Zot
 62595 | Hell     | Entered the Vestibule of Hell
 62595 | Hell     | Noticed Geryon
 62626 | Hell     | Killed Geryon
 62722 | Hell     | Reached skill level 27 in Fighting
 63029 | Hell     | Found a gateway to the ashen valley of Gehenna.
 63106 | Hell     | Found a gateway to the Iron City of Dis.
 63329 | Hell     | Found a gateway to the freezing wastes of Cocytus.
 63364 | Hell     | Found a gateway to the decaying netherworld of Tartarus.
 63943 | Zot:1    | Gained mutation: You are very robust. (+20% HP) [demonic
                  | ancestry]
 63943 | Zot:1    | Reached XP level 26. HP: 239/290 MP: 40/40
 64492 | Zot:2    | Noticed an orb of fire
 64492 | Zot:2    | Gained mutation: You are weak. (Str -2) [an orb of fire]
 64498 | Zot:2    | Gained mutation: You have hidden genetic defects. [an orb
                  | of fire]
 64503 | Zot:2    | Gained mutation: Your magical capacity is low. (-10% MP)
                  | [an orb of fire]
 64508 | Zot:2    | Killed an orb of fire
 64630 | Zot:2    | Lost mutation: You sometimes lose your temper in combat.
                  | [potion of mutation]
 64630 | Zot:2    | Lost mutation: You are weak. (Str -2) [potion of mutation]
 64630 | Zot:2    | Gained mutation: You passively map a small area around you.
                  | [potion of mutation]
 64630 | Zot:2    | Gained mutation: You are strong-willed. (Will+) [potion of
                  | mutation]
 64680 | Zot:2    | Noticed an orb of fire
 64684 | Zot:2    | Gained mutation: You sometimes lose your temper in combat.
                  | [an orb of fire]
 64687 | Zot:2    | Gained mutation: Your magical capacity is very low. (-20%
                  | MP) [an orb of fire]
 64688 | Zot:2    | Killed an orb of fire
 64885 | Zot:2    | Noticed Vv
 64896 | Zot:2    | Killed Vv
 64899 | Zot:2    | Gained mutation: Your magical capacity is extremely low.
                  | (-30% MP) [hidden defects]
 65706 | Abyss:4  | Cast into level 4 of the Abyss (red draconian)
 65721 | Zot:3    | Escaped the Abyss
 66556 | Zot:4    | Found a runed translucent gate.
 66556 | Zot:4    | Found a runed translucent gate.
 66556 | Zot:4    | Found a runed translucent gate.
 66556 | Zot:4    | Noticed Tiejaxt's ghost (master TeAE)
 66608 | Zot:4    | Noticed Parghit
 66616 | Zot:4    | Killed Parghit
 66714 | Zot:4    | Identified the +8 falchion "Odut" {freeze, Str+2}
 66796 | Zot:4    | Noticed an orb of fire
 66802 | Zot:4    | Killed an orb of fire
 66887 | Zot:4    | Found the +4 dragonskin cloak
 66887 | Zot:4    | Noticed Tiamat
 66901 | Zot:4    | Killed Tiamat
 66903 | Zot:4    | Gained mutation: You are weak. (Str -2) [hidden defects]
 66903 | Zot:4    | Lost mutation: You have hidden genetic defects. [hidden
                  | defects expressed]
 66904 | Zot:4    | Gained mutation: You are extremely robust. (+30% HP)
                  | [demonic ancestry]
 66904 | Zot:4    | Reached XP level 27. HP: 156/323 MP: 18/28
 67433 | Zot:5    | Entered Level 5 of the Realm of Zot
 67951 | Zot:5    | Noticed an ancient lich
 67952 | Zot:5    | Noticed an orb of fire
 67955 | Zot:5    | Noticed an orb of fire
 67957 | Zot:5    | Noticed an orb of fire
 67957 | Zot:5    | Noticed an orb of fire
 67959 | Zot:5    | Noticed an orb of fire
 67960 | Zot:5    | Gained mutation: You are very dopey. (Int -4) [an orb of
                  | fire]
 67961 | Zot:5    | Noticed an orb of fire
 67962 | Zot:5    | Noticed an orb of fire
 67962 | Zot:5    | Gained mutation: Armour fits poorly on your strangely
                  | shaped body. [an orb of fire]
 67981 | Zot:5    | Killed an orb of fire
 67986 | Zot:5    | HP: 10/323 [orb of fire/fireball (10)]
 67987 | Zot:5    | Killed an orb of fire
 67987 | Zot:5    | Killed an orb of fire
 67987 | Zot:5    | Gained mutation: Potions are less effective at restoring
                  | your health. [an orb of fire]
 67987 | Zot:5    | Killed from afar by an orb of fire

Illustrated notes

Levels and vault maps discovered:
D:1:      amcnicky_arrival_double_pillar, layout_rooms, minmay_strange_pillars,
          dreamdust_mushroom_princess, minivault_4,
          hangedman_abyss_or_decor_lesser_grid, minmay_hedge_maze,
          kennysheep_decorative_pillar
D:2:      layout_rooms, dreamdust_ecumenical_altar_grove, nrook_mini_backslash,
          uniq_sigmund, uniq_terence
D:3:      layout_basic, mainiacjoe_overflow_24_doors,
          hellmonk_ghost_happy_afterlife, minmay_box_of_dots
D:4:      minmay_inner_zag, layout_layer_cave, fedhas_altar_3,
          mainiacjoe_overflow_alcove_4, ebering_ghost_gozag
D:5:      minmay_chambers_of_fours, layout_rooms, mainiacjoe_overflow_alcove_1,
          cheibrodos_ashenzari_chains
D:6:      layout_loops_ring, grunt_temple_overflow_lords_of_destruction,
          lemuel_tele_altar, mainiacjoe_overflow_catch_the_wave,
          minmay_temple_entry_sparse_star, minivault_22, nicolae_alphabet_shops,
          minmay_manual_mail, uniq_eustachio, uniq_duvessa, uniq_grinder,
          uniq_menkaure
D:7:      layout_gridville, lemuel_mausoleum_altar_kikubaaqudgha, tso_altar,
          gammafunk_temple_overflow_elements, serial_shops,
          nicolae_shop_waterfront
D:8:      layout_basic, dpeg_lair_monsters, kennysheep_big_empty_room,
          uniq_pikel
D:9:      layout_basic, nicolae_ru_the_path_less_chosen, serial_glass,
          glass_columns_b, glass_columns_c
D:10:     layout_cave_pools, orc_0_dummy
D:11:     layout_roguey
D:12:     kennysheep_four_of_diamonds, layout_irregular_city, serial_ice,
          serial_ice_c, serial_ice_h, serial_ice_e, serial_ice_g,
          portal_ice_cave_entry_pillars_2
D:13:     layout_basic, kennysheep_generic_room_12
D:14:     layout_basic, hellmonk_vaults_attempted_burglary,
          nicolae_elevator_lobby_asterisk
D:15:     gammafunk_depths_entry_grave, layout_irregular_city, nicolae_titane,
          serial_shops, nicolae_shop_stone,
          serial_library_regret_index_small_wings
Lair:1:   layout_loops_ring, beast_lair_carwin_2
Lair:2:   layout_misc_corridors, mainiacjoe_shoals_entry_four_pools,
          grunt_megastairs_3
Lair:3:   layout_regular_city, spider_nest_entry_funnel_web, ebering_ghost_xom,
          minmay_stone_trees_small, grunt_forest_large_clearings,
          serial_bayou_shore_b, uniq_josephine
Lair:4:   layout_roguey, dpeg_slime_entry_enclosed
Lair:5:   evil_forest, layout_gridlike
Shoals:1: layout_shoals
Shoals:2: layout_shoals, uniq_polyphemus
Shoals:3: layout_shoals, serial_shops, shop
Shoals:4: shoals_end_hangedman, layout_shoals
Spider:1: layout_spider_delve, uniq_agnes, uniq_donald
Spider:2: layout_spider_delve, uniq_aizul
Spider:3: layout_spider_delve
Spider:4: johnstein_spider_rune_arachne_lair
Slime:1:  layout_caves
Slime:2:  layout_caves
Slime:3:  layout_caves, nicolae_slime_getting_an_eyeful
Slime:4:  layout_caves, cheibrodos_slime_lost_civilization_5
Slime:5:  slime_pit_nicolae_jellycorners
Orc:1:    layout_caves, serial_shops, shop, mines1_david, uniq_erolcha
Orc:2:    st_orc_town, layout_diamond_mine
Elf:1:    minmay_elf_arrival_circle, layout_geoelf_diagonals,
          nicolae_elf_shapeshifter_party, lemuel_flamethrower_2
Elf:2:    nicolae_elf_blades_splatter_lattice [nicolae_blade_entry_pointy_end],
          layout_rooms, drop_trap, minmay_elf_demonology, grunt_megastairs_1,
          uniq_azrael
Elf:3:    minmay_elf_hall, layout_gridlike, serial_shops, bzr_firewalk,
          minmay_shop_grove
Vaults:1: nicolae_vaults_closet_pinwheel_2, nicolae_vaults_an_arrangement,
          nicolae_vaults_surprise_closet, v_alt_pattern_6,
          nicolae_vaults_circle_grid_b, v_misc_8, hangedman_vaults_maws,
          lightli_orcish_oven, hangedman_vaults_snaps,
          ontoclasm_vaults_decontamination, nicolae_vaults_little_squares_5,
          nicolae_vaults_trapezoid_lopsided_4, nicolae_vaults_cochlea,
          nicolae_vaults_double_plus_1, v_misc_25, vaults_room_pool,
          grunt_vaults_focal, layout_vaults_big_room, serial_shops,
          nicolae_shop_tiny_glass
Vaults:2: nicolae_vaults_lopsided_apartments, nicolae_vaults_angled_halls,
          nicolae_vaults_six-pack, v_misc_29, dpeg_vaults_monster_box,
          layout_vaults_omnigrid, serial_shops, shop
Vaults:3: vaults_room_glass_cross, nicolae_vaults_hallways_thing,
          minmay_crypt_entry_simple_sparse, ontoclasm_vaults_gateway,
          nicolae_vaults_trapezoid_lopsided_3, hangedman_vaults_nodes,
          lemuel_angel_altar, nicolae_vaults_storage_closets_1, v_misc_3,
          nicolae_vaults_three_branches, hangedman_vaults_restitches,
          grunt_vaults_trifunnel, v_misc_8, nicolae_vaults_trapezoid_2,
          nicolae_vaults_rhombus_5, serial_ice_g, vaults_dpeg_diagonal,
          layout_vaults_maze_bifur
Vaults:4: nicolae_vaults_arrows, grunt_vaults_twisty, hangedman_vaults_locks,
          hangedman_vaults_cutoff, st_greater_box_3, hangedman_vaults_impose,
          nicolae_vaults_tetromino_L_1, vaults_mumra_lcd,
          nicolae_vaults_network_square,
          vaults_standard_mumra_enter_the_diamond, nicolae_vaults_tetromino_T_1,
          layout_vaults_omnibox, uniq_saint_roka
Vaults:5
Crypt:1:  layout_gridlike, grunt_crypt_arrival_webbed, uniq_josephina, uniq_jory
Crypt:2:  layout_chaotic_city, uniq_xtahua
Crypt:3:  quadcrypt_mu
Depths:1: layout_gridlike, enter_ziggurat_b, hellmouth_3,
          nicolae_shop_firing_range
Depths:2: minmay_triangles_in_corner, layout_gridville, grunt_pan_entry_zigzag,
          pf_hell_entry_tar_spiral, hangedman_abyss_or_decor_stagger,
          minmay_staircase_statues_hall_small
Depths:3: minmay_tri_box, layout_basic, hangedman_coc_ice_floe,
          infiniplex_staircase_zigzag_4, abyss_entry, grunt_decor_arrowhead
Depths:4: evilmike_zot_entry_gauntlet, layout_basic,
          chequers_serial_rivers_micro_c, serial_shops,
          nicolae_shop_tiny_real_fake_doors, hell_entry,
          ploomutoo_gammafunk_ghost_potion_laboratory, drop_trap,
          serial_bayou_shore_b, minmay_shop_star, serial_bayou_shore_b
Hell
Zot:1:    layout_gridlike, grunt_megastairs_5
Zot:2:    lemuel_firehouse, layout_onion_interference,
          regret_index_zotdec_decaying_basic,
          hangedman_zot_decor_unnerving_road, uniq_vv
Zot:3:    layout_cellular_growth, regret_index_zotdec_twisting_globes,
          grunt_megastairs_4
Zot:4:    layout_gridlike, gammafunk_ghost_ooze, grunt_ministairs_8,
          regret_index_zotdec_onion_hex, uniq_parghit, uniq_tiamat
Zot:5:    layout_concentric_octagons

Skill      XL: |  1  2  3  4  5  6  7  8  9 10 11 12 13 14 15 16 17 18 19 20 21 22 23 24 25 26 27 |
---------------+----------------------------------------------------------------------------------+-----
Throwing       | 2 |  2.0
Dodging        | 3 6 8 11 13 15 | 15.0
Short Blades   | 1 2 3 |  3.8
Fighting       | 3 4 6 7 9 10 11 12 13 14 15 16 17 19 20 23 25 27 | 27.0
Armour         | 1 2 3 8 11 13 15 17 | 17.1
Invocations    | 4 7 9 11 13 14 16 17 18 20 21 23 24 25 27 | 27.0
Evocations     | 3 7 10 12 14 15 17 22 23 | 23.9
Long Blades    | 5 6 8 9 11 12 13 14 | 14.2
Shields        | 2 5 8 10 12 14 15 | 15.0

Action                     |  1- 3 |  4- 6 |  7- 9 | 10-12 | 13-15 | 16-18 | 19-21 | 22-24 | 25-27 || total
---------------------------+-------+-------+-------+-------+-------+-------+-------+-------+-------++-------
  Melee: Long sword        |    16 |       |       |   491 |  1033 |   666 |       |       |       ||  2206
         Dagger            |   123 |   201 |   937 |       |    56 |       |       |       |       ||  1317
         Flail             |       |       |       |     5 |       |       |       |       |       ||     5
         Touch             |       |       |       |       |       |   157 |       |       |       ||   157
         Scimitar          |       |       |       |       |       |   504 |  1442 |  1419 |       ||  3365
         Unarmed           |       |       |       |       |       |       |       |     9 |       ||     9
         Demon blade       |       |       |       |       |       |       |       |   283 |  1047 ||  1330
  Throw: Throwing net      |     1 |       |       |       |       |       |       |       |       ||     1
 Invoke: Bend Time         |       |       |     1 |       |     1 |     2 |     1 |     2 |     1 ||     8
         Slouch            |       |       |       |     4 |    18 |    24 |     8 |    13 |    14 ||    81
  Evoke: Wand              |       |       |     3 |    10 |       |    17 |     1 |     1 |       ||    32
         Phial of floods   |       |       |       |     1 |       |     1 |       |       |       ||     2
         Lightning rod     |       |       |       |       |       |     6 |       |       |     2 ||     8
         Tin of tremorston |       |       |       |       |       |       |       |       |     2 ||     2
    Use: Scroll            |       |       |     6 |     8 |     5 |    18 |     3 |    15 |    12 ||    67
         Potion            |       |       |       |     3 |       |     9 |     4 |     2 |    11 ||    29
   Stab: Held in net/web   |     2 |       |       |       |       |       |     1 |       |       ||     3
         Distracted        |       |     1 |       |       |     3 |     1 |       |       |       ||     5
         Paralysed         |       |       |       |     6 |       |     3 |       |       |       ||     9
         Invisible         |       |       |       |     2 |       |       |       |       |       ||     2
         Petrified         |       |       |       |       |     5 |       |     3 |       |       ||     8
         Petrifying        |       |       |       |       |       |       |     1 |       |       ||     1
 Armour: Leather armour    |    40 |       |       |       |       |       |       |       |       ||    40
         Scale mail        |    26 |    96 |   474 |   323 |   792 |   762 |       |       |       ||  2473
         Ring mail         |    17 |       |       |       |       |    48 |    14 |       |       ||    79
         Plate armour      |       |       |       |       |       |       |   615 |   711 |       ||  1326
         Gold dragon scale |       |       |       |       |       |       |       |    21 |   981 ||  1002
  Dodge: Dodged            |    95 |    90 |   732 |   594 |  1266 |  1490 |   776 |  1456 |  1462 ||  7961
         Repelled          |       |       |       |       |       |       |       |    89 |   116 ||   205
  Block: Other             |       |       |       |       |    68 |    56 |       |       |       ||   124
         Kite shield       |       |       |       |       |       |   464 |  1574 |  2087 |  1576 ||  5701
         Reflection        |       |       |       |       |       |    53 |   109 |    26 |    11 ||   199

Table legend: (Time is in decaauts)
 A = Elapsed time spent in this place.
 B = Non-inter-level travel time spent in this place.
 C = Inter-level travel time spent in this place.
 D = Time resting spent in this place.
 E = Time spent auto-exploring this place.
 F = Levels seen in this place.
 G = Mean time per level.
                   A        B        C        D        E       F      G
               +--------+--------+--------+--------+--------+-----+--------+
         Total |  99507 |  92613 |   6894 |  15718 |  57451 |  59 | 1686.6 |
       Dungeon |  24905 |  22860 |   2045 |   3804 |  14795 |  15 | 1660.3 |
          Lair |  11024 |  10103 |    921 |   2327 |   6374 |   5 | 2204.8 |
        Shoals |   6305 |   5987 |    318 |    478 |   4393 |   4 | 1576.2 |
   Spider Nest |   8989 |   8737 |    252 |   3068 |   4331 |   4 | 2247.2 |
    Slime Pits |   1264 |   1201 |     63 |    226 |    298 |   5 |  252.8 |
  Orcish Mines |   5055 |   4325 |    730 |   1088 |   2523 |   2 | 2527.5 |
   Elven Halls |   8456 |   8072 |    384 |   2108 |   4072 |   3 | 2818.7 |
        Vaults |  11309 |  10549 |    760 |    673 |   7640 |   5 | 2261.8 |
         Crypt |   5288 |   5074 |    214 |    401 |   3073 |   3 | 1762.7 |
        Depths |   8127 |   6995 |   1132 |    323 |   5391 |   4 | 2031.8 |
          Hell |   1186 |   1143 |     43 |    136 |    656 |   1 | 1186.0 |
           Zot |   6979 |   6951 |     28 |   1061 |   3900 |   5 | 1395.8 |
         Abyss |    391 |    391 |      0 |      7 |      0 |   2 |  195.5 |
        Bazaar |    224 |    224 |      0 |     16 |      0 |   1 |  224.0 |
               +--------+--------+--------+--------+--------+-----+--------+

Top non-repeatable levels by time:
   Elf:2: 4404 daAuts
   Orc:2: 3740 daAuts
Spider:4: 3287 daAuts
Vaults:4: 3244 daAuts
    D:12: 3018 daAuts
    D:14: 2906 daAuts
  Lair:3: 2807 daAuts
  Lair:5: 2790 daAuts
Spider:1: 2589 daAuts
Depths:3: 2566 daAuts
 Crypt:3: 2560 daAuts
Depths:4: 2518 daAuts
    D:15: 2362 daAuts
     D:8: 2347 daAuts
   Elf:3: 2208 daAuts
